 Dungeon Crawl Stone Soup version 0.28.0-53-g5a82cb258f (webtiles) character file.

Game seed: 14029826816291620713

7 H0rd4k the Charlatan (level 2, 0/21 HPs)
             Began as a Human Artificer on June 23, 2022.
             Slain by a gnoll
             ... wielding a +0 spear
              (6 damage)
             ... on level 1 of the Dungeon.
             The game lasted 00:00:58 (399 turns).

H0rd4k the Charlatan (Human Artificer)               Turns: 399, Time: 00:00:58

Health: 0/21       AC:  3    Str: 12    XL:     2   Next: 10%
Magic:  2/2        EV: 11    Int: 11    God:
Gold:   23         SH:  0    Dex: 13    Spells: 1/1 levels left

rFire   . . .      SeeInvis .   a - +0 club
rCold   . . .      Faith    .   (no shield)
rNeg    . . .      Spirit   .   b - +0 leather armour
rPois   .          Reflect  .   (no helmet)
rElec   .          Harm     .   (no cloak)
rCorr   .          Rampage  .   (no gloves)
Will    .....                   (no boots)
Stlth   +.........              (no amulet)
HPRegen 0.07/turn               (no ring)
MPRegen 0.08/turn               (no ring)

@: no status effects
A: no striking features
a: no special abilities


You were on level 1 of the Dungeon.
You visited 1 branch of the dungeon, and saw 1 of its levels.

You collected 23 gold pieces.

Inventory:

Hand Weapons
 a - a +0 club (weapon)
Armour
 b - a +0 leather armour (worn)
Wands
 c - a wand of flame (14) (quivered)
 d - a wand of charming (7)
Potions
 f - a potion of brilliance {unknown}
 g - a potion of curing {unknown}
Miscellaneous
 e - a piece from Xom's chessboard (15/15)


   Skills:
 + Level 1.1 Fighting
 + Level 0.2 Maces & Flails
 - Level 2.0 Armour
 + Level 1.0 Dodging
 - Level 1.0 Stealth
 + Level 3.3 Evocations


You had one spell level left.
You didn't know any spells.
Your spell library was empty.

Dungeon Overview and Level Annotations

Branches:
Dungeon (1/15)

Altars:


Message History

There is a stone staircase leading down here.
Unknown command.
What are your orders? t - Shout!
Orders for allies: a - Attack new target. p - Attack previous target. r - Retreat! s - Stop attacking. g - Guard the area. f - Follow me.
Anything else - Cancel.
Guard this area!
Your endoplasm freezes the kobold.
The kobold is frozen.
The kobold dies!
The hobgoblin completely misses your endoplasm.
Your endoplasm hits the hobgoblin but does no damage.
The hobgoblin hits your endoplasm but does no damage.
Your endoplasm barely misses the hobgoblin.
The hobgoblin hits your endoplasm.
Your endoplasm hits the hobgoblin. The hobgoblin hits your endoplasm.
Your endoplasm dies!
A gnoll and a kobold come into view.
The gnoll shouts!
The kobold shouts!
A hobgoblin comes into view.
A rat comes into view.
The hobgoblin shouts!
The gnoll hits you but does no damage.
The giant cockroach is no longer charmed.
The kobold hits you with a +0 short sword.
* * * LOW HITPOINT WARNING * * *
Aiming: Charm
Press: ? - help, Shift-Dir - straight line, f - kobold
Aim: a kobold, wielding a +0 short sword (chance to affect: 73%)
The kobold is charmed.
What are your orders? t - Shout!
Orders for allies: a - Attack new target. p - Attack previous target. r - Retreat! s - Stop attacking. g - Guard the area. f - Follow me.
Anything else - Cancel.
Guard this area!
The gnoll hits you from afar with a +0 spear.
You die...

.....### #.....#.
.......# #.#....
#....... ## #.#...##.
........ . #........
........ #..........
........ ##.#.......#
........ #..........#
.##..#.. #@#
...........#†# #K#
#.....####.#.#
###g#.#...... ...#.#
#.g...#.....####..#.
#.#.### ............
#.### #.#.........
#####.#######.#.#####...
#.......gg.Bg..r.r....##
#######....##.###.......


You could see a gnoll (ally target), a hobgoblin and a friendly kobold
(charmed).

Vanquished Creatures
  A bat (D:1)
  A jackal (D:1)
  A kobold (D:1)
  2 frilled lizards (D:1)
5 creatures vanquished.

Vanquished Creatures (collateral kills)
  A jackal (D:1)
  A kobold (D:1)
2 creatures vanquished.

Vanquished Creatures (others)
  An endoplasm (D:1)
  A hobgoblin (D:1)
  2 jackals (D:1)
4 creatures vanquished.

Grand Total: 11 creatures vanquished

Notes
Turn   | Place    | Note
-------+----------+-------------------------------------------
     0 | D:1      | H0rd4k the Human Artificer began the quest for the Orb.
     0 | D:1      | Reached XP level 1. HP: 15/15 MP: 1/1
   289 | D:1      | Reached XP level 2. HP: 2/21 MP: 2/2
   399 | D:1      | Slain by a gnoll

Illustrated notes

Levels and vault maps discovered:
D:1:      ebering_trefoil_3fold, layout_basic,
          hellmonk_ecumenical_altar_watching_god, serial_park_tiny_1

Action                   || total
-------------------------++-------
Melee: Club              ||    35
Evoke: Wand              ||     9
Armor: Leather armour    ||    15
Dodge: Dodged            ||    28
